 Dungeon Crawl Stone Soup version 0.16-a0-3003-ga5c7ff4 (webtiles) character file.

200692 Chiseanne the Peltast (level 19, 0/153 HPs)
             Began as a Formicid Fighter on Dec 6, 2014.
             Was the Champion of Makhleb.
             Slain by a vault warden
             ... wielding a +2 glaive of flaming
              (4 damage)
             ... on level 1 of the Vaults on Dec 7, 2014.
             The game lasted 02:25:36 (33022 turns).

Chiseanne the Peltast (Formicid Fighter)           Turns: 33022, Time: 02:25:36

Health: 0/153      AC: 24    Str: 26    XL:     19   Next: 22%
Magic:  34/34      EV: 11    Int:  9    God:    Makhleb [******]
Gold:   1580       SH: 17    Dex: 16    Spells: 2 memorised, 13 levels left

rFire  + . .     SeeInvis +     s - +10 great mace of Arrival {crush, rElec rPois}
rCold  . . .     Clarity  +     D - +6 scale mail {rF+}
rNeg   . . .     SustAb   .     g - +0 shield {reflect}
rPois  +         Gourm    .     (helmet unavailable)
rElec  +         Spirit   .     v - +0 cloak
rCorr  .         Warding  .     e - +2 pair of gloves {archery}
rMut   .         Stasis   +     U - +2 pair of boots {run}
MR     +....                    i - amulet of clarity
Stlth  ..........               l - +4 ring of strength
                                u - +3 ring of slaying

@: marked, quick, somewhat resistant to hostile enchantments, extremely
unstealthy
A: permanent stasis, dig shafts and tunnels, four strong arms, antennae 3
a: Dig, Shaft Self, Minor Destruction, Lesser Servant of Makhleb, Major
Destruction, Greater Servant of Makhleb, Renounce Religion
}: 1/15 runes: serpentine


You were on level 1 of the Vaults.
You worshipped Makhleb.
Makhleb was exalted by your worship.
You were hungry.

You visited 5 branches of the dungeon, and saw 30 of its levels.
You also visited: Labyrinth and Ice Cave.

You collected 2533 gold pieces.
You spent 953 gold pieces at shops.

Inventory:

Hand weapons
 a - a +2 broad axe of flaming
 d - the +12 great mace of Murua {holy, rF+ rC- MR+ Stlth+}
   (You found it on level 15 of the Dungeon)

   It has been blessed by the Shining One to cause great damage to the undead
   and demons.
   It protects you from fire.
   It makes you vulnerable to cold.
   It affects your resistance to hostile enchantments.
   It makes you more stealthy.
 s - the +10 great mace of Arrival (weapon) {crush, rElec rPois}
   (You found it on level 1 of the Lair of Beasts)

   It inflicts extra damage upon your enemies.
   It insulates you from electricity.
   It protects you from poison.
 w - a +0 blowgun
Missiles
 B - 149 poisoned needles
 K - 7 poisoned tomahawks (quivered)
Armour
 e - a +2 pair of gloves of archery (worn)
 g - a +0 shield of reflection (worn)
 v - a +0 cloak (worn)
 D - a +6 scale mail of fire resistance (worn)
 U - a +2 pair of boots of running (worn)
Jewellery
 i - an amulet of clarity (around neck)
 l - a +4 ring of strength (right hand)
 u - a +3 ring of slaying (left hand)
Magical devices
 c - a wand of draining (4)
 n - a wand of draining (5)
 t - a wand of draining (5)
 y - a wand of fireball (5)
 z - a wand of draining (8)
 G - a wand of disintegration (10)
 N - a wand of lightning (4)
 O - a wand of draining (7)
 Q - a wand of fire (7)
 S - a wand of digging (18)
 Y - a wand of fire (8)
 Z - a wand of lightning (5)
Scrolls
 f - 8 scrolls of remove curse
 P - 2 scrolls of fog
 R - 9 scrolls of identify
 W - a scroll of fear
Potions
 h - 2 potions of mutation
 j - 3 potions of heal wounds
 k - 13 potions of curing
 m - a potion of cancellation
 A - 6 potions of resistance
 E - 4 potions of invisibility
 F - 2 potions of agility
 I - 4 potions of restore abilities
 J - a potion of might
Miscellaneous
 p - a sack of spiders
 V - a lamp of fire
Comestibles
 b - 16 bread rations
 o - 18 meat rations
 x - 3 slices of pizza
 H - 19 beef jerkies


   Skills:
 - Level 14.6 Fighting
 - Level 9.9(13.5) Axes
 * Level 14.9(15.9) Maces & Flails
 * Level 13.0 Armour
 - Level 4.2 Dodging
 * Level 20.7 Shields
 - Level 12.0 Invocations


You had 13 spell levels left.
You knew the following spells:

 Your Spells              Type           Power        Failure   Level  Hunger
a - Cure Poison           Pois           #.........   73%         2    ###....
b - Flight                Chrm/Air       #.........   96%         3    ####...


Dungeon Overview and Level Annotations

Branches:
Dungeon (15/15)            Temple (1/1) D:6            Lair (8/8) D:10
 Shoals (0/5) Lair:3        Snake (5/5) Lair:5        Slime (0/6) Lair:7
    Orc (0/4) D:12         Vaults (1/5) D:14         Depths (0/5) D:15

Altars:
Ashenzari
Cheibriados
Dithmenos
Elyvilon
Fedhas
Gozag
Kikubaaqudgha
Makhleb
Nemelex Xobeh
Okawaru
Qazlal
Ru
Sif Muna
Trog
Vehumet
Xom
Yredelemnul
Zin
The Shining One
Jiyva

Shops:
D:4 :*   D:5 [:   D:12 *   Snake:3 (   Snake:5 (}   Vaults:1 *


Innate Abilities, Weirdness & Mutations

You are under a permanent stasis effect.
You can dig through walls and to a lower floor.
Your four strong arms can wield two-handed weapons with a shield.
You have a pair of large antennae on your head (SInv).


Message History

The vault warden hits you but does no damage.
You block the yaktaur's attack.
The yaktaur hits you but does no damage.
You hit the vault warden.
The vault warden is severely wounded.
The vault warden hits you with a glaive of flaming!!
* * * LOW HITPOINT WARNING * * *
The vault warden burns you.
* * * LOW HITPOINT WARNING * * *
You block the yaktaur's attack. The yaktaur barely misses you.
You hit the vault warden.
The vault warden is severely wounded.
You block the yaktaur's attack.
You hit the vault warden.
The vault warden is severely wounded.
The yaktaur hits you but does no damage.
The vault warden hits you with a glaive of flaming!!
* * * LOW HITPOINT WARNING * * *
The vault warden burns you.
You die...

#..+......#
#..#......#
#..#......#
#..#......#
#..########
#..# #.)#
#)(########
#)@p.......
#.cc.......
#.........
#...######
#...# #...#
#...# #...#
#...


You could see a vault warden and 2 yaktaurs.

Vanquished Creatures
  An Ice Fiend (IceCv)
  3 vault wardens (Vaults:1)
  11 greater nagas
  The ghost of Chiseanne the Blocker, a powerful FoFi of Makhleb (D:12)
  A minotaur (Lab)
  The ghost of Mayheim the Severer, a powerful DDFi of Makhleb (IceCv)
  2 fire dragons
  6 vault guards (Vaults:1)
  The ghost of EdwardR the Blocker, a powerful MiFi of Qazlal (Lair:1)
  7 hydras
  Harold (Lair:7)
  12 naga warriors
  8 anacondas
  4 centaur warriors
  10 death yaks (D:11)
  3 ogre magi (Vaults:1)
  2 tengu warriors
  9 shock serpents
  5 naga sharpshooters
  Nergalle (D:14)
  A hell knight (D:15)
  2 deep elf knights (D:15)
  4 ice devils (IceCv)
  8 sea snakes (Snake:5)
  2 unseen horrors (D:15)
  5 naga ritualists
  A hill giant (shapeshifter) (D:15)
  An obsidian statue (D:15)
  Pikel (D:7)
  5 hill giants
  A wizard (D:14)
  A necromancer (Lair:6)
  An orc sorcerer (Vaults:1)
  5 harpies (Vaults:1)
  3 ironbrand convokers (Vaults:1)
  An orc knight (Vaults:1)
  6 griffons
  A phantasmal warrior (D:14)
  11 ugly things
  A deep elf conjurer (D:14)
  2 manticores
  A wolf spider (Vaults:1)
  A sixfirhy (Vaults:1)
  6 salamanders
  5 cyclopes
  9 mana vipers
  13 elephants
  41 black mambas
  9 spiny frogs
  8 vault sentinels (Vaults:1)
  17 naga magi
  3 guardian serpents
  11 komodo dragons
  2 kobold demonologists (D:12)
  A redback zombie (D:14)
  A gargoyle (D:15)
  A deep elf priest (D:14)
  2 yaktaurs (Vaults:1)
  A freezing wraith (Vaults:1)
  3 fire drakes
  8 polar bears (Lair:8)
  A snapping turtle (Lair:3)
  8 blink frogs
  2 boulder beetles (Lair:8)
  9 blue devils (IceCv)
  3 two-headed ogres
  4 ravens
  A two-headed ogre (shapeshifter) (D:13)
  5 trolls
  3 basilisks
  A shadow (D:12)
  A vampire (D:15)
  6 redbacks
  A deep elf mage (D:15)
  77 yaks
  6 wyverns
  2 deep elf fighters (D:14)
  2 wraiths
  Eustachio (D:7)
  11 hippogriffs
  3 humans
  3 hungry ghosts
  3 hogs (D:7)
  52 nagas
  4 vampire mosquitoes
  A human zombie (D:15)
  22 water moccasins
  6 mottled dragons
  A soldier ant (D:14)
  5 wargs (Lair:8)
  23 wolves
  3 orc warriors
  The ghost of Restia the Firebug, an average DEFE (D:3)
  10 porcupines
  3 sky beasts
  13 black bears
  4 hell hounds (Lair:8)
  8 spiders (Snake:2)
  2 swamp drakes (Lair:8)
  An elephant zombie (Lair:6)
  2 slaves (D:7)
  3 phantoms
  4 boggarts (D:15)
  10 ice beasts
  A necrophage (D:9)
  A boring beetle (Lair:6)
  21 ogres
  17 crocodiles
  3 yellow wasps
  Sigmund (D:6)
  20 centaurs
  21 giant frogs
  4 big kobolds
  Blork the orc (D:6)
  2 scorpions (D:9)
  3 electric eels
  13 killer bees
  4 wights (D:10)
  3 centaur zombies
  7 goliath beetles
  2 giant frog zombies (D:11)
  7 crimson imps
  A gnoll shaman (D:7)
  29 hounds
  A jelly (D:12)
  5 centaur skeletons
  4 giant frog skeletons
  11 orc priests
  Natasha (thrice) (D:4)
  16 orc wizards
  10 worker ants
  9 iguanas
  An orange rat (Lair:8)
  34 sheep
  A crocodile zombie (Lair:6)
  Ijyb (D:7)
  A hound zombie (D:3)
  Terence (D:3)
  2 hound skeletons (D:9)
  A worker ant zombie (D:9)
  17 adders
  6 gnolls
  60 river rats
  7 shadow imps
  7 white imps (IceCv)
  2 giant mites
  3 worms
  A worm (shapeshifter) (D:15)
  6 ufetubi (IceCv)
  An adder skeleton (D:6)
  6 giant geckos
  An ooze (D:1)
  66 orcs
  9 bats
  4 giant cockroaches
  10 goblins
  18 hobgoblins
  23 jackals
  24 kobolds
  3 ball pythons
  5 giant newts
  A jackal skeleton (D:6)
  A jackal zombie (D:4)
  11 quokkas
  A quokka zombie (D:5)
  16 rats
  A bush (Lair:7)
  18 fungi
  21 plants
1237 creatures vanquished.

Vanquished Creatures (collateral kills)
  A greater naga (Snake:5)
  A shock serpent (Snake:5)
  A guardian serpent (Snake:5)
  3 nagas (Snake:5)
6 creatures vanquished.

Vanquished Creatures (others)
  An Executioner (Snake:5)
  A naga sharpshooter (Snake:4)
  A slave (D:7)
  A human (D:11)
  A yak (D:11)
  A water moccasin (Lair:7)
  An ice beast (Snake:5)
  A giant frog (D:7)
  A scorpion (D:7)
  A killer bee (D:7)
  A hound zombie (D:7)
  2 white imps (IceCv)
  2 ufetubi (IceCv)
  3 goblins (D:7)
  A bat (D:7)
  5 fungi
  4 plants (Lair:8)
28 creatures vanquished.

Grand Total: 1271 creatures vanquished

Notes
Turn   | Place    | Note
--------------------------------------------------------------
     0 | D:1      | Chiseanne, the Formicid Fighter, began the quest for the Orb.
     0 | D:1      | Reached XP level 1. HP: 18/18 MP: 1/1
   358 | D:1      | Reached XP level 2. HP: 21/24 MP: 3/3
   787 | D:2      | Reached XP level 3. HP: 29/29 MP: 4/4
   800 | D:2      | Reached skill level 4 in Shields
  1180 | D:2      | Reached XP level 4. HP: 30/35 MP: 5/5
  1267 | D:2      | Reached skill level 1 in Dodging
  1701 | D:2      | Found a basalt altar of Yredelemnul.
  1702 | D:2      | Found a glowing golden altar of the Shining One.
  1708 | D:2      | Found a sacrificial altar of Ru.
  1709 | D:2      | Found a glowing silver altar of Zin.
  1786 | D:3      | Noticed Restia's ghost (average DEFE)
  1806 | D:3      | Killed Restia's ghost
  1806 | D:3      | Reached XP level 5. HP: 30/42 MP: 7/7
  1960 | D:3      | Found a snail-covered altar of Cheibriados.
  1963 | D:3      | Reached XP level 6. HP: 48/48 MP: 8/8
  2018 | D:3      | Noticed a phantom
  2064 | D:3      | Killed a phantom
  2064 | D:3      | Reached skill level 5 in Shields
  2221 | D:3      | Noticed Terence
  2241 | D:3      | Killed Terence
  2287 | D:3      | Found a bloodstained altar of Trog.
  2719 | D:3      | Reached XP level 7. HP: 47/54 MP: 9/9
  2793 | D:4      | Noticed Natasha
  2809 | D:4      | Killed Natasha
  2851 | D:4      | Noticed Natasha
  2857 | D:4      | Killed Natasha
  2898 | D:4      | Reached skill level 5 in Armour
  2921 | D:4      | Found Cestriceo's Assorted Antiques.
  2924 | D:4      | Bought a glowing orange potion for 24 gold pieces
  2924 | D:4      | Bought a scroll labeled FOLAFR FONIG for 27 gold pieces
  2924 | D:4      | Bought a scroll labeled PHOERIAGRIDI for 27 gold pieces
  2924 | D:4      | Bought a scroll of identify for 54 gold pieces
  3214 | D:4      | Found Magiros' Book Boutique.
  3239 | D:4      | Noticed Natasha
  3248 | D:4      | Killed Natasha
  3508 | D:5      | Entered Level 5 of the Dungeon
  3527 | D:5      | Reached skill level 6 in Shields
  3527 | D:5      | Reached XP level 8. HP: 36/61 MP: 11/11
  3658 | D:5      | Found Jeduy's Book Boutique.
  3762 | D:5      | Found Smover's Antique Armour Shoppe.
  3770 | D:5      | Bought a pair of gloves for 121 gold pieces
  3906 | D:5      | Reached skill level 5 in Fighting
  4203 | D:5      | Found a radiant altar of Vehumet.
  4237 | D:5      | Reached skill level 7 in Shields
  4336 | D:6      | Noticed Sigmund
  4344 | D:6      | Killed Sigmund
  4705 | D:6      | Reached XP level 9. HP: 68/68 MP: 12/12
  4796 | D:6      | Reached skill level 5 in Axes
  5113 | D:6      | Reached skill level 8 in Shields
  5217 | D:6      | Found a staircase to the Ecumenical Temple.
  5233 | D:6      | Noticed Blork the orc
  5242 | Temple   | Entered the Ecumenical Temple
  5399 | Temple   | Became a worshipper of Makhleb the Destroyer
  5440 | D:6      | Killed Blork the orc
  5924 | D:7      | Acquired Makhleb's first power
  5945 | D:7      | Noticed Ijyb
  5955 | D:7      | Killed Ijyb
  6002 | D:7      | Noticed Pikel
  6017 | D:7      | Killed Pikel
  6017 | D:7      | Reached skill level 9 in Shields
  6033 | D:7      | Noticed Eustachio
  6044 | D:7      | Reached XP level 10. HP: 33/77 MP: 13/13
  6055 | D:7      | Killed Eustachio
  6549 | D:7      | Found a stormy altar of Qazlal.
  6713 | D:7      | Acquired Makhleb's second power
  6725 | D:7      | Found a shadowy altar of Dithmenos.
  7052 | D:8      | Found an opulent altar of Gozag.
  7223 | D:8      | Learned a level 2 spell: Cure Poison
  7806 | D:9      | Acquired Makhleb's third power
  7868 | D:9      | Reached skill level 10 in Shields
  8114 | D:9      | Acquired Makhleb's fourth power
  8114 | D:9      | Reached XP level 11. HP: 86/86 MP: 15/15
  8250 | D:10     | Entered Level 10 of the Dungeon
  8463 | D:10     | Found a staircase to the Lair.
  8510 | D:10     | HP: 2/87 [troll (9)]
  8873 | D:10     | Acquired Makhleb's fifth power
  9293 | Lair:1   | Entered Level 1 of the Lair of Beasts
  9299 | Lair:1   | Reached skill level 11 in Shields
  9319 | Lair:1   | Got a slimy great mace
  9320 | Lair:1   | Identified the +10 great mace of Arrival {crush, rElec rPois} (You found it on level 1 of the Lair of Beasts)
  9369 | Lair:1   | Reached skill level 1 in Maces & Flails
  9409 | Lair:1   | Learned a level 3 spell: Flight
  9874 | Lair:1   | Noticed EdwardR's ghost (powerful MiFi)
  9886 | Lair:1   | Killed EdwardR's ghost
 10100 | Lair:1   | Reached XP level 12. HP: 95/97 MP: 16/16
 10736 | Lair:2   | Reached skill level 10 in Fighting
 10809 | Lair:2   | Reached skill level 12 in Shields
 11083 | Lair:2   | Noticed a four-headed hydra
 11089 | Lair:2   | Killed a four-headed hydra
 11490 | Lair:3   | Found a staircase to the Shoals.
 11822 | Lair:3   | Noticed a seven-headed hydra
 11828 | Lair:3   | Killed a seven-headed hydra
 11895 | Lair:3   | Reached skill level 13 in Shields
 12622 | Lair:4   | Reached XP level 13. HP: 106/106 MP: 17/17
 13088 | Lair:5   | Found a labyrinth entrance.
 13103 | Lab      | Entered a labyrinth
 13469 | Lab      | Noticed a minotaur
 13475 | Lab      | Killed a minotaur
 13475 | Lab      | Reached skill level 5 in Maces & Flails
 13582 | Lair:5   | Found a staircase to the Snake Pit.
 13860 | Lair:5   | Reached skill level 1 in Invocations
 14300 | Lair:6   | Reached skill level 5 in Invocations
 14453 | Lair:6   | You fall through a shaft for 2 floors!
 14453 | Lair:8   | Entered Level 8 of the Lair of Beasts
 14884 | Lair:8   | Reached skill level 14 in Shields
 14927 | Lair:8   | Reached XP level 14. HP: 101/114 MP: 29/29
 15187 | Lair:8   | Reached skill level 10 in Invocations
 15521 | Lair:8   | Got an iridescent glaive
 15522 | Lair:8   | Identified the +5 glaive of Ancient Evil {freeze, rElec rF++ rC-} (You found it on level 8 of the Lair of Beasts)
 15778 | Lair:8   | Noticed a fire dragon
 15791 | Lair:8   | Killed a fire dragon
 15791 | Lair:8   | Reached skill level 15 in Shields
 15832 | Lair:8   | Identified a +2 rod of clouds (12/12) (You found it on level 8 of the Lair of Beasts)
 16194 | Lair:7   | Noticed Harold
 16198 | Lair:7   | Killed Harold
 16446 | Lair:7   | Found a viscous altar of Jiyva.
 16446 | Lair:7   | Found a staircase to the Slime Pits.
 17307 | Lair:6   | Reached skill level 16 in Shields
 17680 | Lair:1   | Reached skill level 10 in Armour
 18023 | D:11     | Reached XP level 15. HP: 118/120 MP: 31/31
 19102 | D:12     | Found a staircase to the Orcish Mines.
 19152 | D:12     | Found Thralaicw's Assorted Antiques.
 19182 | D:12     | Bought a scroll of identify for 68 gold pieces
 19182 | D:12     | Bought a small soapstone amulet for 170 gold pieces
 19420 | D:12     | Noticed Chiseanne's ghost (powerful FoFi)
 19431 | D:12     | Killed Chiseanne's ghost
 20270 | D:14     | Identified a scroll of acquirement
 20284 | D:14     | Identified a +0 pair of boots of running (You acquired it on level 14 of the Dungeon)
 20410 | D:14     | Reached skill level 17 in Shields
 20802 | D:14     | Reached XP level 16. HP: 69/131 MP: 32/32
 20948 | D:14     | Found a gate to the Vaults.
 21097 | D:14     | Noticed Nergalle
 21106 | D:14     | Killed Nergalle
 21237 | D:15     | Entered Level 15 of the Dungeon
 21301 | D:15     | Got a sapphire great mace
 21312 | D:15     | Identified the +12 great mace of Murua {holy, rF+ rC- MR+ Stlth+} (You found it on level 15 of the Dungeon)
 22020 | D:15     | Found a staircase to the Depths.
 22599 | Snake:1  | Entered Level 1 of the Snake Pit
 23136 | Snake:1  | Reached skill level 10 in Maces & Flails
 24734 | Snake:2  | Reached skill level 18 in Shields
 25273 | Snake:3  | Found Poclatsomo's Weapon Shop.
 25515 | Snake:3  | Reached XP level 17. HP: 140/140 MP: 33/33
 26820 | Snake:4  | Found a burning altar of Makhleb.
 28342 | Snake:5  | Entered Level 5 of the Snake Pit
 28599 | Snake:5  | Got a scorched hand axe
 28600 | Snake:5  | Identified the cursed +0 hand axe of Celyd {chop, rPois} (You found it on level 5 of the Snake Pit)
 28684 | Snake:5  | Reached skill level 19 in Shields
 28747 | Snake:5  | Found Xaefeuqi's Antique Weapon Boutique.
 28807 | Snake:5  | Found Shan's Gadget Shop.
 28807 | Snake:5  | Found a frozen archway.
 28886 | IceCv    | Entered an ice cave
 29239 | IceCv    | Noticed an Ice Fiend
 29244 | IceCv    | Noticed Mayheim's ghost (powerful DDFi)
 29246 | IceCv    | Killed an Ice Fiend
 29249 | IceCv    | Killed Mayheim's ghost
 29255 | IceCv    | Reached XP level 18. HP: 147/147 MP: 33/33
 30835 | Snake:5  | Got a serpentine rune of Zot
 31155 | Snake:5  | Reached skill level 20 in Shields
 31969 | Vaults:1 | Entered Level 1 of the Vaults
 32522 | Vaults:1 | Reached XP level 19. HP: 153/153 MP: 34/34
 32720 | Vaults:1 | Found Opakoaf's Assorted Antiques.
 32728 | Vaults:1 | Bought 2 red potions for 73 gold pieces
 32728 | Vaults:1 | Bought a scroll of enchant armour for 307 gold pieces
 32728 | Vaults:1 | Bought a scroll of fog for 82 gold pieces
 33022 | Vaults:1 | HP: 4/153 [vault warden/glaive of flaming (29)]
 33022 | Vaults:1 | Slain by a vault warden

Action                   |  1- 3 |  4- 6 |  7- 9 | 10-12 | 13-15 | 16-18 | 19-21 || total
-------------------------+-------+-------+-------+-------+-------+-------+-------++-------
Melee: War axe           |    89 |       |    51 |   514 |   265 |    10 |       ||   929
       Hand axe          |       |   143 |   326 |       |       |       |       ||   469
       Great mace        |       |       |       |   126 |   746 |   967 |    46 ||  1885
       Broad axe         |       |       |       |       |       |    69 |    39 ||   108
Invok: Greater Servant o |       |       |       |       |       |     1 |       ||     1
 Abil: Dig               |     8 |     3 |    37 |    36 |    49 |    82 |       ||   215
       Shaft Self        |       |       |       |       |     1 |       |       ||     1
Evoke: Wand              |       |       |     1 |       |     3 |     2 |       ||     6
       Rod               |       |       |       |       |     3 |       |       ||     3
  Use: Scroll            |     1 |     5 |     7 |    21 |    13 |    10 |     2 ||    59
       Potion            |       |     1 |     2 |     3 |     2 |     7 |       ||    15
 Stab: Confused          |       |       |     1 |       |     1 |       |       ||     2
       Invisible         |       |       |       |       |       |     1 |       ||     1
  Eat: Chunk             |     2 |     6 |    13 |    17 |    32 |    26 |     1 ||    97
       Fruit             |       |       |     1 |     9 |     6 |     4 |       ||    20
       Royal jelly       |       |       |     1 |       |       |     3 |       ||     4
       Beef jerky        |       |       |     1 |       |     1 |       |       ||     2
       Pizza             |       |       |       |     1 |       |     7 |       ||     8
